3R
CANONNIERS DE QUEBEC @ BOMPTON BABY LAKERS
07/03/2038
 
TOP OF THE 1ST
Canonniers de Quebec batting - Pitching for Bompton Baby Lakers : RHP Chun-mei Bao
Pitching: RHP Chun-mei Bao
Batting: LHB Ewold de Regt 0-0: Foul Ball, location: 2F
0-1: Ball
1-1: Ball
2-1: DOUBLE (Line Drive, 78D, EV 108.8 MPH)
Batting: LHB Tony McMillan 0-0: Foul Ball, location: 2F
0-1: Swinging Strike
0-2: Ball
1-2: Strikes out swinging
Batting: LHB Knox Loposer 0-0: Ball
Ewold de Regt steals 3rd base
1-0: Foul Ball, location: 2F
1-1: Fly out, F8 (Flyball, 8LD, EV 106.2 MPH)
Runner from 3rd tags up, SCORES, throw by CF
Batting: RHB Hulama Yani 0-0: Ball
1-0: SINGLE (Groundball, 4M, EV 99.4 MPH) (infield hit)
Batting: RHB Joe Padilla 0-0: Ball
1-0: Ball
2-0: Ball
3-0: Called Strike
3-1: Base on Balls
Hulama Yani to second
Batting: LHB Steve Burnett 0-0: Ball
1-0: Called Strike
1-1: Ball
2-1: Fly out, F8 (Flyball, 8RS, EV 89.4 MPH)
Top of the 1st over - 1 run, 2 hits, 0 errors, 2 left on base; Canonniers de Quebec 1 - Bompton 0
BOTTOM OF THE 1ST
Bompton Baby Lakers batting - Pitching for Canonniers de Quebec : LHP Tom Woods
Pitching: LHP Tom Woods
Batting: RHB Steffen Schulte 0-0: Ball
1-0: Ball
2-0: Ball
3-0: Base on Balls
Batting: RHB Ken Gil 0-0: Foul Ball, location: 2F
0-1: Ball
1-1: Fly out, F4 (Flyball, 34D, EV 92.5 MPH)
Batting: RHB Aaron Tuttle 0-0: Ball
1-0: Fielders Choice at 2nd, 6-4 (Groundball, 6D, EV 83.8 MPH)
Batting: RHB Rick Pawlowicz 0-0: Called Strike
0-1: SINGLE (Groundball, 4MD, EV 93.8 MPH)
Aaron Tuttle to second
Batting: LHB Ben Chell 0-0: Ball
1-0: Called Strike
1-1: Ball
2-1: Swinging Strike
2-2: Strikes out swinging
Bottom of the 1st over - 0 runs, 1 hit, 0 errors, 2 left on base; Canonniers de Quebec 1 - Bompton 0
TOP OF THE 2ND
Canonniers de Quebec batting - Pitching for Bompton Baby Lakers : RHP Chun-mei Bao
Batting: RHB Manuel Barrera 0-0: Called Strike
0-1: Foul Ball, location: 2F
0-2: Ball
1-2: Strikes out swinging
Batting: RHB Cameron Loverock 0-0: Foul Ball, location: 2F
0-1: Called Strike
0-2: SINGLE (Flyball, 9S, EV 89.4 MPH)
Batting: RHB José Cintrón 0-0: SINGLE (Groundball, 34D, EV 103.8 MPH)
Cameron Loverock to second
Runner from 2nd tries for 3rd, SAFE, no throw by RF
Batting: LHB Ewold de Regt 0-0: Foul Ball, location: 2F
0-1: Ball
1-1: Ball
2-1: Called Strike
2-2: Ball
3-2: Base on Balls
José Cintrón to second
Batting: LHB Tony McMillan 0-0: Ball
1-0: Foul Ball, location: 2F
1-1: Grounds into fielders choice 1-2 (Groundball, 34S, EV 66.2 MPH)
José Cintrón to third
Ewold de Regt to second
Batting: LHB Knox Loposer 0-0: Called Strike
0-1: Ball
1-1: Fielders Choice at 2nd, 6-4 (Groundball, 6, EV 107.5 MPH)
Top of the 2nd over - 0 runs, 2 hits, 0 errors, 3 left on base; Canonniers de Quebec 1 - Bompton 0
BOTTOM OF THE 2ND
Bompton Baby Lakers batting - Pitching for Canonniers de Quebec : LHP Tom Woods
Batting: RHB Jason Portillo 0-0: Swinging Strike
0-1: Ball
1-1: Swinging Strike
1-2: Foul Ball, location: 2F
1-2: Foul Ball, location: 2F
1-2: Ball
2-2: Strikes out looking
Batting: RHB Gabriel Alvarado 0-0: Ground out 6-3 (Groundball, 6, EV 80.0 MPH)
Batting: LHB Jonathan Winston 0-0: Ball
1-0: Ball
2-0: Foul Ball, location: 2F
2-1: Ball
3-1: Foul Ball, location: 2F
3-2: SINGLE (Line Drive, 78S, EV 106.9 MPH)
Batting: LHB Jon Kelly 0-0: Fielders Choice at 2nd, 6-4 (Groundball, 6D, EV 105.6 MPH)
Bottom of the 2nd over - 0 runs, 1 hit, 0 errors, 1 left on base; Canonniers de Quebec 1 - Bompton 0
TOP OF THE 3RD
Canonniers de Quebec batting - Pitching for Bompton Baby Lakers : RHP Chun-mei Bao
Batting: RHB Hulama Yani 0-0: Ball
1-0: Ball
2-0: Called Strike
2-1: Foul Ball, location: 2F
2-2: Ground out 5-3 (Groundball, 5, EV 89.4 MPH)
Batting: RHB Joe Padilla 0-0: Ball
1-0: Ball
2-0: Called Strike
2-1: Foul Ball, location: 2F
2-2: Ball
3-2: Strikes out swinging
Batting: LHB Steve Burnett 0-0: Called Strike
0-1: Foul Ball, location: 2F
0-2: Ball
1-2: Strikes out swinging
Top of the 3rd over - 0 runs, 0 hits, 0 errors, 0 left on base; Canonniers de Quebec 1 - Bompton 0
BOTTOM OF THE 3RD
Bompton Baby Lakers batting - Pitching for Canonniers de Quebec : LHP Tom Woods
Batting: RHB Steffen Schulte 0-0: Foul Ball, location: 2F
0-1: Bunt for hit to 3S - play at first, batter OUT! 3-4
Batting: RHB Ken Gil 0-0: Foul Ball, location: 2F
0-1: Ground out 6-3 (Groundball, 6, EV 103.8 MPH)
Batting: RHB Aaron Tuttle 0-0: Foul Ball, location: 2F
0-1: Called Strike
0-2: Foul Ball, location: 2F
0-2: Ball
1-2: Ball
2-2: Ball
3-2: Strikes out looking
Bottom of the 3rd over - 0 runs, 0 hits, 0 errors, 0 left on base; Canonniers de Quebec 1 - Bompton 0
TOP OF THE 4TH
Canonniers de Quebec batting - Pitching for Bompton Baby Lakers : RHP Chun-mei Bao
Batting: RHB Manuel Barrera 0-0: Foul Ball, location: 2F
0-1: Ground out 1-3 (Groundball, 34S, EV 70.0 MPH)
Batting: RHB Cameron Loverock 0-0: Called Strike
0-1: Ball
1-1: Called Strike
1-2: Ball
2-2: Ball
3-2: Strikes out swinging
Batting: RHB José Cintrón 0-0: Ball
1-0: Called Strike
1-1: Ball
2-1: Foul Ball, location: 2F
2-2: Strikes out swinging
Top of the 4th over - 0 runs, 0 hits, 0 errors, 0 left on base; Canonniers de Quebec 1 - Bompton 0
BOTTOM OF THE 4TH
Bompton Baby Lakers batting - Pitching for Canonniers de Quebec : LHP Tom Woods
Batting: RHB Rick Pawlowicz 0-0: Foul Ball, location: 2F
0-1: Ball
1-1: Ball
2-1: Swinging Strike
2-2: Strikes out swinging
Pitching: RHP Javier Valdéz
Batting: LHB Ben Chell 0-0: Ground out 6-3 (Groundball, 6M, EV 89.4 MPH)
Batting: RHB Jason Portillo 0-0: Called Strike
0-1: Called Strike
0-2: Ball
1-2: Strikes out swinging
Bottom of the 4th over - 0 runs, 0 hits, 0 errors, 0 left on base; Canonniers de Quebec 1 - Bompton 0
TOP OF THE 5TH
Canonniers de Quebec batting - Pitching for Bompton Baby Lakers : RHP Chun-mei Bao
Batting: LHB Ewold de Regt 0-0: Bunt for hit to 5S - play at first, batter OUT! 5-3
Batting: LHB Tony McMillan 0-0: Called Strike
0-1: Ball
1-1: Ball
2-1: Ground out 4-3 (Groundball, 4S, EV 75.6 MPH)
Batting: LHB Knox Loposer 0-0: Ball
1-0: Ball
2-0: Foul Ball, location: 2F
2-1: SINGLE (Groundball, 34D, EV 95.6 MPH)
Batting: RHB Hulama Yani 0-0: Called Strike
0-1: Ground out 4-3 (Groundball, 4, EV 83.1 MPH)
Top of the 5th over - 0 runs, 1 hit, 0 errors, 1 left on base; Canonniers de Quebec 1 - Bompton 0
BOTTOM OF THE 5TH
Bompton Baby Lakers batting - Pitching for Canonniers de Quebec : RHP Javier Valdéz
Batting: RHB Gabriel Alvarado 0-0: Foul Ball, location: 2F
0-1: Foul Ball, location: 2F
0-2: Strikes out looking
Batting: LHB Jonathan Winston 0-0: Called Strike
0-1: Foul Ball, location: 2F
0-2: Ball
1-2: Foul Ball, location: 2F
1-2: Strikes out swinging
Batting: LHB Jon Kelly 0-0: Ball
1-0: Ball
2-0: Ball
3-0: Called Strike
3-1: Foul Ball, location: 2F
3-2: Base on Balls
Batting: RHB Steffen Schulte 0-0: Called Strike
0-1: Called Strike
0-2: Ball
1-2: Ground out 1-3 (Groundball, P, EV 83.8 MPH)
Bottom of the 5th over - 0 runs, 0 hits, 0 errors, 1 left on base; Canonniers de Quebec 1 - Bompton 0
TOP OF THE 6TH
Canonniers de Quebec batting - Pitching for Bompton Baby Lakers : RHP Chun-mei Bao
Batting: RHB Joe Padilla 0-0: Called Strike
0-1: Swinging Strike
0-2: Strikes out swinging
Batting: LHB Steve Burnett 0-0: Called Strike
0-1: Called Strike
0-2: Ball
1-2: Ground out U3 (Groundball, 34, EV 104.4 MPH)
Batting: RHB Manuel Barrera 0-0: Ground out 5-3 (Groundball, 5S, EV 86.2 MPH)
Top of the 6th over - 0 runs, 0 hits, 0 errors, 0 left on base; Canonniers de Quebec 1 - Bompton 0
BOTTOM OF THE 6TH
Bompton Baby Lakers batting - Pitching for Canonniers de Quebec : RHP Javier Valdéz
Batting: RHB Ken Gil 0-0: Called Strike
0-1: Swinging Strike
0-2: Strikes out swinging
Batting: RHB Aaron Tuttle 0-0: Foul Ball, location: 2F
0-1: Foul Ball, location: 2F
0-2: Ball
1-2: Ball
2-2: Fly out, F7 (Flyball, 78D, EV 106.9 MPH)
Batting: RHB Rick Pawlowicz 0-0: SINGLE (Line Drive, 8RS, EV 111.2 MPH)
Batting: LHB Ben Chell 0-0: Ball
1-0: Called Strike
1-1: Swinging Strike
1-2: Ball
2-2: Ball
3-2: SINGLE (Groundball, 3D, EV 107.5 MPH)
Rick Pawlowicz to second
Rick Pawlowicz to third
Batting: RHB Jason Portillo 0-0: SINGLE (Line Drive, 9S, EV 108.1 MPH)
Rick Pawlowicz scores
Ben Chell to second
Pinch Runner at 2nd Wei Tu:
Batting: RHB Gabriel Alvarado 0-0: Ball
1-0: Ball
2-0: Foul Ball, location: 2F
2-1: Fly out, F8 (Flyball, 8RD, EV 85.6 MPH)
Bottom of the 6th over - 1 run, 3 hits, 0 errors, 2 left on base; Canonniers de Quebec 1 - Bompton 1
TOP OF THE 7TH
Canonniers de Quebec batting - Pitching for Bompton Baby Lakers : RHP Chun-mei Bao
Now at 1B: Eduardo Ortíz
Batting: RHB Cameron Loverock 0-0: Foul Ball, location: 2F
0-1: Fly out, F7 (Flyball, 7D, EV 96.9 MPH)
Batting: RHB José Cintrón 0-0: Swinging Strike
0-1: Called Strike
0-2: Ball
1-2: Foul Ball, location: 2F
1-2: Fly out, F9 (Flyball, 9LM, EV 100.0 MPH)
Batting: LHB Ewold de Regt 0-0: Fly out, F4 (Line Drive, 4, EV 70.6 MPH)
Top of the 7th over - 0 runs, 0 hits, 0 errors, 0 left on base; Canonniers de Quebec 1 - Bompton 1
BOTTOM OF THE 7TH
Bompton Baby Lakers batting - Pitching for Canonniers de Quebec : RHP Javier Valdéz
Batting: LHB Jonathan Winston 0-0: Called Strike
0-1: Ball
1-1: Ball
2-1: Called Strike
2-2: Ball
3-2: Base on Balls
Pitching: RHP Noah Askew
Batting: LHB Jon Kelly 0-0: Called Strike
0-1: Foul Ball, location: 2F
0-2: Foul Ball, location: 2F
0-2: Foul Ball, location: 2F
0-2: Grounds into double play, U6-3 (Groundball, 4M, EV 83.1 MPH)
Batting: RHB Steffen Schulte 0-0: Ground out 4-3 (Groundball, 4, EV 86.2 MPH)
Bottom of the 7th over - 0 runs, 0 hits, 0 errors, 0 left on base; Canonniers de Quebec 1 - Bompton 1
TOP OF THE 8TH
Canonniers de Quebec batting - Pitching for Bompton Baby Lakers : RHP Chun-mei Bao
Pitching: RHP Gene Kelly
Batting: LHB Tony McMillan 0-0: Ball
1-0: Ball
2-0: Ball
3-0: Called Strike
3-1: Called Strike
3-2: Foul Ball, location: 2F
3-2: Strikes out looking
Batting: LHB Knox Loposer 0-0: Ball
1-0: Foul Ball, location: 2F
1-1: Foul Ball, location: 2F
1-2: Ball
2-2: Ball
3-2: Base on Balls
Batting: RHB Hulama Yani 0-0: Ball
Knox Loposer steals 2nd base
1-0: Ball
2-0: Ball
3-0: Base on Balls
Batting: RHB Joe Padilla 0-0: Ball
1-0: Ball
2-0: Fielders Choice at 2nd, 3-6 (Groundball, 3, EV 91.9 MPH)
Knox Loposer to third
Batting: LHB Steve Burnett 0-0: Called Strike
0-1: Called Strike
0-2: Hit by Pitch
Joe Padilla to second
Batting: RHB Manuel Barrera 0-0: SINGLE (Flyball, 34D, EV 90.6 MPH)
Knox Loposer scores
Joe Padilla to third
Steve Burnett to second
Runner from 3rd tries for Home, SAFE, throw by RF to home
Batting: RHB Cameron Loverock 0-0: Ball
1-0: Ball
2-0: Called Strike
2-1: Swinging Strike
2-2: Ball
3-2: SINGLE (Groundball, 56D, EV 103.8 MPH)
Steve Burnett to third
Manuel Barrera to second
Steve Burnett scores
Manuel Barrera to third
Batting: RHB José Cintrón 0-0: Called Strike
0-1: Foul Ball, location: 2F
0-2: Ball
1-2: Ball
2-2: Foul Ball, location: 2F
2-2: Ground out 4-3 (Groundball, 4, EV 90.0 MPH)
Top of the 8th over - 3 runs, 2 hits, 0 errors, 2 left on base; Canonniers de Quebec 4 - Bompton 1
BOTTOM OF THE 8TH
Bompton Baby Lakers batting - Pitching for Canonniers de Quebec : RHP Noah Askew
Batting: RHB Ken Gil 0-0: Ball
1-0: Called Strike
1-1: Swinging Strike
1-2: Ball
2-2: Foul Ball, location: 2F
2-2: Strikes out swinging
Batting: RHB Aaron Tuttle 0-0: Swinging Strike
0-1: Foul Ball, location: 2F
0-2: Ball
1-2: Foul Ball, location: 2F
1-2: Ball
2-2: SINGLE (Groundball, 6MD, EV 96.9 MPH)
Batting: RHB Rick Pawlowicz 0-0: Swinging Strike
0-1: Ball
1-1: Grounds into double play, 6-4-3 (Groundball, 6S, EV 78.8 MPH)
Bottom of the 8th over - 0 runs, 1 hit, 0 errors, 0 left on base; Canonniers de Quebec 4 - Bompton 1
TOP OF THE 9TH
Canonniers de Quebec batting - Pitching for Bompton Baby Lakers : RHP Gene Kelly
Pitching: RHP Pierre Vannier
Batting: LHB Ewold de Regt 0-0: SOLO HOME RUN (Flyball, 89XD, EV 101.9 MPH), Distance : 428 ft
Batting: LHB Tony McMillan 0-0: Called Strike
0-1: Ball
1-1: Ball
2-1: Ball
3-1: Foul Ball, location: 2F
3-2: Foul Ball, location: 2F
3-2: Base on Balls
Batting: LHB Knox Loposer 0-0: Ball
Tony McMillan is caught stealing 2nd base 2-6
1-0: Called Strike
1-1: Foul Ball, location: 2F
1-2: Foul Ball, location: 2F
1-2: Strikes out looking
Batting: RHB Hulama Yani 0-0: Ball
1-0: Ball
2-0: Foul Ball, location: 2F
2-1: Foul Ball, location: 2F
2-2: Ball
3-2: Fly out, F9 (Flyball, 9S, EV 89.4 MPH)
Top of the 9th over - 1 run, 1 hit, 0 errors, 0 left on base; Canonniers de Quebec 5 - Bompton 1
BOTTOM OF THE 9TH
Bompton Baby Lakers batting - Pitching for Canonniers de Quebec : RHP Noah Askew
Batting: RHB Eduardo Ortíz 0-0: Foul Ball, location: 2F
0-1: Foul Ball, location: 2F
0-2: Strikes out swinging
Batting: RHB Jason Portillo 0-0: Ball
1-0: Ball
2-0: Called Strike
2-1: Ball
3-1: Foul Ball, location: 2F
3-2: Foul Ball, location: 2F
3-2: SINGLE (Line Drive, 7S, EV 109.4 MPH)
Batting: RHB Gabriel Alvarado 0-0: Called Strike
0-1: Fly out, F8 (Flyball, 89M, EV 95.6 MPH)
Batting: LHB Jonathan Winston 0-0: Ball
1-0: Ball
2-0: Foul Ball, location: 2F
2-1: Called Strike
2-2: Foul Ball, location: 2F
2-2: DOUBLE (Line Drive, 3D, EV 95.0 MPH)
Jason Portillo to third
Pitching: LHP Ralph Moore
Batting: LHB Jon Kelly 0-0: Called Strike
0-1: Foul Ball, location: 2F
0-2: Ball
1-2: Foul Ball, location: 2F
1-2: Strikes out swinging
Bottom of the 9th over - 0 runs, 2 hits, 0 errors, 2 left on base; Canonniers de Quebec 5 - Bompton 1
Friday, April 17th, 2020 - OOTP Baseball 20.8 Build 74